 Dungeon Crawl Stone Soup version 0.27.1-4-g1640c2035a (webtiles) character file.

Game seed: 3830754418368505540

72260 jadcooma the Thaumaturge (level 15, -1/117 HPs)
             Began as a Gnoll Warper on Aug 10, 2021.
             Was a High Priest of Sif Muna.
             Slain by a spark wasp (17 damage)
             ... on level 3 of the Spider Nest on Nov 5, 2021.
             The game lasted 04:56:15 (30191 turns).

jadcooma the Thaumaturge (Gnoll Warper)            Turns: 30191, Time: 04:56:18

Health: -1/117     AC: 27    Str: 17    XL:     15   Next: 39%
Magic:  28/30      EV: 22    Int: 34    God:    Sif Muna [*****.]
Gold:   400        SH:  0    Dex: 13    Spells: 0/36 levels left

rFire    + . .     SeeInvis .   b - +8 lance "Wyrmbane" {slay drac, rPois rF+ rC+ AC+3}
rCold    + . .     Faith    .   (no shield)
rNeg     . . .     Spirit   .   B - +6 scale mail of Rotten the Good {Str+2 Dex+2}
rPois    +         Reflect  .   q - +2 hat {Int+3}
rElec    .         Harm     .   X - +2 cloak
rCorr    .         Rampage  .   g - +1 pair of gloves
Will     ++...                  r - +0 pair of boots
Stlth    +++.......             E - amulet of magic regeneration
HPRegen  0.29/turn              N - ring "Dintuetz" {Will+ EV+4 Str+4 Int+3}
MPRegen  0.47/turn              T - ring of Gocefyphe {Drain EV+4 Int+9}

@: no status effects
A: fangs 1, strong nose, distributed training
a: Renounce Religion, Channel Magic, Forget Spell, Divine Exegesis


You were on level 3 of the Spider Nest.
You worshipped Sif Muna.
Sif Muna was extremely pleased with you.
You visited 3 branches of the dungeon, and saw 20 of its levels.

You collected 1460 gold pieces.
You spent 1060 gold pieces at shops.

Inventory:

Hand Weapons
 a - the +12 hunting sling of Tocewom {flame, Will+ Dex+3}
   (You bought it in a shop on level 10 of the Dungeon)

   Any ammunition fired from it burns those it strikes, dealing additional fire
   damage.
   Dex:       It affects your dexterity (+3).
   Will:      It increases your willpower.
 b - the +8 lance "Wyrmbane" (weapon) {slay drac, rPois rF+ rC+ AC+3}
   (You found it on level 5 of the Lair of Beasts)

   It inflicts extra damage against dragons and draconians.
   AC:        It affects your AC (+3).
   rF:        It protects you from fire.
   rC:        It protects you from cold.
   rPois:     It protects you from poison.
 s - a +9 vampiric demon blade
 x - a +4 flail of holy wrath
Missiles
 y - 3 javelins (quivered)
 P - 2 silver javelins
 Y - 142 sling bullets
Armour
 g - a +1 pair of gloves (worn)
 p - the +0 ring mail of a Gauntlet {Will++ Slay+3}
   (You took it off an orc priest on level 10 of the Dungeon)

   Slay:      It affects your accuracy & damage with ranged weapons and melee
   (+3).
   Will:      It greatly increases your willpower.
 q - a +2 hat of intelligence (worn)
 r - a +0 pair of boots (worn)
 B - the +6 scale mail of Rotten the Good (worn) {Str+2 Dex+2}
   (You found it on level 5 of the Dungeon)

   Str:       It affects your strength (+2).
   Dex:       It affects your dexterity (+2).
 X - a +2 cloak (worn)
Jewellery
 d - a ring of wizardry
 n - a +4 ring of protection
 E - an amulet of magic regeneration (around neck)
 K - a ring of protection from cold
 N - the ring "Dintuetz" (left hand) {Will+ EV+4 Str+4 Int+3}
   (You found it on level 6 of the Lair of Beasts)

   [ring of evasion]

   EV:        It affects your evasion (+4).
   Str:       It affects your strength (+4).
   Int:       It affects your intelligence (+3).
   Will:      It increases your willpower.
 T - the ring of Gocefyphe (right hand) {Drain EV+4 Int+9}
   (You acquired it on level 2 of the Spider Nest)

   [ring of evasion]

   EV:        It affects your evasion (+4).
   Int:       It affects your intelligence (+9).
   Drain:     It drains your maximum health when unequipped.
 V - a ring of protection from fire
Wands
 i - a wand of acid (14)
 v - a wand of flame (77)
 C - a wand of iceblast (6)
 F - a wand of mindburst (31)
 I - a wand of polymorph (10)
 R - a wand of paralysis (16)
 U - a wand of digging (8)
Scrolls
 c - 3 scrolls of blinking
 h - a scroll of summoning {unknown}
 j - 3 scrolls of magic mapping
 m - 8 scrolls of teleportation
 t - a scroll of amnesia
 A - a scroll of fog {unknown}
 G - 2 scrolls of torment
 J - a scroll of acquirement
 M - a scroll of holy word
 O - a scroll of brand weapon {unknown}
 W - 2 scrolls of fear
Potions
 e - 3 potions of flight
 f - 3 potions of cancellation
 k - 3 potions of brilliance
 l - 3 potions of haste
 u - a potion of invisibility
 w - a potion of ambrosia {unknown}
 z - a potion of berserk rage {unknown}
 D - a potion of degeneration {unknown}
 H - a potion of resistance {unknown}
 L - 4 potions of might
 Q - a potion of attraction {unknown}
 S - 3 potions of curing
Miscellaneous
 o - a piece from Xom's chessboard (15/15)


   Skills:
 + Level 10.9 Fighting
 + Level 10.0 Short Blades
 + Level 10.9 Long Blades
 + Level 10.0 Axes
 + Level 10.0 Maces & Flails
 + Level 10.0 Polearms
 + Level 10.0 Staves
 + Level 10.0 Slings
 + Level 10.0 Bows
 + Level 10.0 Crossbows
 + Level 10.3 Throwing
 + Level 10.3 Armour
 + Level 10.9 Dodging
 + Level 10.0 Stealth
 + Level 10.0 Shields
 + Level 10.0 Unarmed Combat
 + Level 11.1 Spellcasting
 + Level 8.4 Conjurations
 + Level 8.4 Hexes
 + Level 8.4 Summonings
 + Level 8.4 Necromancy
 + Level 10.0 Translocations
 + Level 8.4 Transmutations
 + Level 8.4 Fire Magic
 + Level 8.4 Ice Magic
 + Level 8.4 Air Magic
 + Level 8.4 Earth Magic
 + Level 8.4 Poison Magic
 + Level 10.8 Invocations
 + Level 10.0 Evocations


You couldn't memorise any spells.
You knew the following spells:

 Your Spells              Type           Power      Damage    Failure   Level
a - Wereblood             Tmut           66%        N/A       1%          2
b - Gell's Gravitas       Tloc           36%        N/A       1%          3
c - Confusing Touch       Hex            66%        N/A       1%          3
d - Sticky Flame          Conj/Fire      66%        2d8       1%          4
e - Conjure Flame         Conj/Fire      66%        6-21      1%          3
f - Manifold Assault      Tloc           72%        N/A       2%          5
g - Tukima's Dance        Hex            66%        N/A       1%          3
h - Inner Flame           Hex/Fire       66%        N/A       1%          3
i - Blink                 Tloc           N/A        N/A       1%          2
j - Teleport Other        Tloc           72%        N/A       1%          3
k - Borgnjor's Vile Clut  Necr/Erth      33%        N/A       5%          5

Your spell library contained the following spells:

 Spells                   Type           Power      Damage    Failure   Level
 Animate Skeleton         Necr           100%       N/A       1%          1
 Apportation              Tloc           100%       N/A       1%          1
 Beastly Appendage        Tmut           100%       N/A       1%          1
 Foxfire                  Conj/Fire      100%       2x1d9     1%          1
 Magic Dart               Conj           100%       1d8       1%          1
 Pain                     Necr           100%       1d9       1%          1
 Summon Small Mammal      Summ           100%       N/A       1%          1
 Call Imp                 Summ           66%        N/A       1%          2
 Slow                     Hex            66%        N/A       1%          2
 Static Discharge         Conj/Air       66%        N/A       1%          2
 Sublimation of Blood     Necr           33%        N/A       1%          2
 Call Canine Familiar     Summ           66%        N/A       1%          3
 Ignite Poison            Fire/Tmut/Pois 66%        N/A       1%          3
 Lesser Beckoning         Tloc           36%        N/A       1%          3
 Mephitic Cloud           Conj/Pois/Air  66%        N/A       1%          3
 Ozocubu's Armour         Ice            66%        N/A       1%          3
 Portal Projectile        Hex/Tloc       100%       N/A       1%          3
 Spider Form              Tmut/Pois      33%        N/A       1%          3
 Summon Guardian Golem    Hex/Summ       66%        N/A       1%          3
 Vampiric Draining        Necr           33%        2d10      1%          3
 Leda's Liquefaction      Hex/Erth       33%        N/A       1%          4
 Passage of Golubria      Tloc           N/A        N/A       1%          4
 Summon Ice Beast         Ice/Summ       66%        N/A       1%          4
 Summon Lightning Spire   Summ/Air       66%        N/A       1%          4
 Alistair's Intoxication  Tmut/Pois      44%        N/A       5%          5
 Freezing Cloud           Conj/Ice/Air   33%        6-21      5%          5
 Yara's Violent Unravell  Hex/Tmut       33%        3d14      5%          5
 Eringya's Noxious Bog    Tmut/Pois      33%        N/A       30%         6
 Malign Gateway           Summ/Tloc      34%        N/A       77%         7
 Summon Hydra             Summ           33%        N/A       86%         7
 Ignition                 Fire           33%        3d10      100%        8
 Maxwell's Capacitive Co  Air            33%        ∞         100%        8
 Summon Horrible Things   Summ           33%        N/A       100%        8
 Chain Lightning          Conj/Air       33%        3d44      100%        9


Dungeon Overview and Level Annotations

Branches:
Dungeon (11/15)            Temple (0/1) D:7            Lair (6/6) D:8
 Shoals (0/4) Lair:4       Spider (3/4) Lair:4        Slime (0/5) Lair:5
    Orc: D:9-12

Altars:
Dithmenos
Fedhas
Sif Muna
Trog
Yredelemnul

Shops:
D:10 *

Portals:
Trove: D:10 (give horn of Geryon)

Annotations:
Lair:4 Donald
Spider:3 Arachne


Innate Abilities, Weirdness & Mutations

You have very sharp teeth.
Your uncanny sense of smell can sniff out nearby items.
Your experience applies equally to all skills.


Message History

The tarantella closely misses you. The spark wasp misses you.
You hit the spark wasp but do no damage.
The spark wasp is heavily wounded.
The tarantella completely misses you. The spark wasp misses you.
You bump into the rock wall.
The tarantella closely misses you. The spark wasp stings you!
The spark wasp shocks you!
* * * LOW HITPOINT WARNING * * *
You bump into the rock wall.
The tarantella bites you but does no damage.
The spark wasp misses you. The tarantella completely misses you.
The spark wasp completely misses you.
You feel much better. The tarantella completely misses you.
The spark wasp stings you! The spark wasp shocks you!
* * * LOW HITPOINT WARNING * * *
You feel better. The tarantella misses you. The spark wasp closely misses you.
The tarantella completely misses you.
The spark wasp stings you but does no damage.
Press: ? - help, v - describe, . - travel
Here: a spark wasp (moderately wounded, chance to confuse on hit: 63%)
The floor, spattered with blood.
Casting: Confusing Touch (safe; 1% risk of failure)
Confirm with . or Enter, or press ? or * to list all spells.
Aiming: Teleport Other (safe; 1% risk of failure)
Press: ? - help, Shift-Dir - straight line, f - spark wasp
Aim: a spark wasp (moderately wounded, chance to confuse on hit: 63%, chance to affect: 76%)
The spark wasp looks slightly unstable.
The tarantella barely misses you. The spark wasp misses you.
You hit the spark wasp but do no damage.
The spark wasp appears confused.
The spark wasp is moderately wounded.
The tarantella misses you. The spark wasp completely misses you.
You hear an angry hiss.
You hit the tarantella but do no damage.
You bite the tarantella, but do no damage.
The tarantella closely misses you.
The spark wasp buzzes around in tight circles.
The spark wasp stings you!!
* * * LOW HITPOINT WARNING * * *
The spark wasp shocks you!
You die...

.≈≈≈....###...#.
..≈≈...#.........
...≈#............
...≈.............
..#............#..
..#.....>.........
##........#.......
.........###.##..
##......hs@# #
#.......#y## .#
.#......#####.# ..
##.....#..!.... ..
#...>...#........
..
.....#..(h........
∆ ..
........$........
..
.....#...........
.....
.....##.(#..hh..##
...°.


You could see a spark wasp (confused), a hog and a tarantella.

Vanquished Creatures
  Gastronok (D:9)
  An emperor scorpion (Spider:2)
  An entropy weaver (Spider:3)
  7 hydras
  A catoblepas (Lair:6)
  A two-headed ogre (D:11)
  10 death yaks
  A deep troll shaman (Lair:6)
  Urug (Lair:6)
  The ghost of Skimidon the Prestidigitator, a novice GnAr (D:7)
  Pikel (D:7)
  3 orb spiders
  A lindwurm (Lair:2)
  2 oklob plants (Lair:5)
  12 wolf spiders
  A moth of wrath (Spider:2)
  A merfolk siren (Lair:4)
  Joseph (Lair:1)
  5 black mambas
  21 elephants
  7 cane toads
  2 torpor snails
  An unseen horror (D:6)
  Maggie (D:7)
  3 rime drakes
  4 demonic crawlers
  11 komodo dragons
  7 jumping spiders
  3 merfolk (Lair:4)
  A polar bear (Lair:5)
  Prince Ribbit (D:9)
  11 blink frogs
  A hornet (Lair:4)
  7 dream sheep (Lair:6)
  Sigmund (D:5)
  9 tarantellas
  37 redbacks
  2 wraiths
  A hog (Spider:3)
  5 wyverns
  25 yaks
  2 basilisks
  2 steam dragons
  13 water moccasins
  A hornet zombie (D:6)
  3 black bears
  An ice beast (D:6)
  2 orc warriors
  A necrophage (D:3)
  4 ogres
  39 wolves
  A centaur (D:10)
  A lemure (D:7)
  A phantom (D:4)
  3 kobold brigands
  13 bullfrogs
  A gnoll sergeant (D:11)
  5 scorpions
  A wyvern skeleton (D:7)
  A water moccasin skeleton (D:6)
  25 killer bees
  7 howler monkeys
  7 wights
  3 quasits (D:7)
  A bullfrog skeleton (D:5)
  4 centaur zombies
  2 jellies (D:5)
  7 orc priests
  A hound (D:6)
  Crazy Yiuf (D:4)
  Ijyb (D:5)
  7 iguanas
  4 orc wizards
  6 hell rats (Lair:1)
  A hound zombie (D:5)
  A hound skeleton (D:5)
  A howler monkey zombie (D:6)
  Robin (D:3)
  A howler monkey skeleton (D:5)
  13 gnolls
  3 adders
  A shadow imp (D:7)
  An ufetubus (D:6)
  An adder skeleton (D:4)
  A worm (D:4)
  3 dart slugs
  23 orcs
  11 ball pythons
  14 endoplasms
  2 giant cockroaches
  18 goblins
  10 hobgoblins
  11 jackals
  5 quokkas
  4 bats
  24 kobolds
  6 rats
540 creatures vanquished.

Vanquished Creatures (collateral kills)
  A two-headed ogre (D:10)
  A wolf spider (Lair:4)
  A centaur (D:9)
  A wolf (Lair:6)
  A killer bee (D:10)
  A wight (D:9)
  2 foxfires
8 creatures vanquished.

Vanquished Creatures (others)
  A redback (Spider:1)
  3 dancing weapons
  222 foxfires
  41 fungi
  103 plants
370 creatures vanquished.

Grand Total: 918 creatures vanquished

Notes
Turn   | Place    | Note
-------+----------+-------------------------------------------
     0 | D:1      | jadcooma the Gnoll Warper began the quest for the Orb.
     0 | D:1      | Reached XP level 1. HP: 20/20 MP: 6/6
   183 | D:1      | Reached XP level 2. HP: 23/26 MP: 7/7
   188 | D:1      | Learned a level 2 spell: Blink
   251 | D:1      | Found a faded altar of an unknown god.
   344 | D:1      | Became a worshipper of Sif Muna the Loreminder
   344 | D:1      | Reached * piety under Sif Muna
   639 | D:1      | Reached XP level 3. HP: 23/31 MP: 9/9
   646 | D:1      | Reached skill level 5 in Spellcasting
   650 | D:1      | Learned a level 3 spell: Gell's Gravitas
  1269 | D:2      | Reached skill level 1 in Invocations
  1575 | D:2      | Reached skill level 1 in Short Blades
  1575 | D:2      | Reached skill level 1 in Axes
  1575 | D:2      | Reached skill level 1 in Maces & Flails
  1575 | D:2      | Reached skill level 1 in Polearms
  1575 | D:2      | Reached skill level 1 in Staves
  1575 | D:2      | Reached skill level 1 in Slings
  1575 | D:2      | Reached skill level 1 in Bows
  1575 | D:2      | Reached skill level 1 in Crossbows
  1575 | D:2      | Reached skill level 1 in Stealth
  1575 | D:2      | Reached skill level 1 in Shields
  1575 | D:2      | Reached skill level 1 in Unarmed Combat
  1575 | D:2      | Reached skill level 1 in Evocations
  2197 | D:3      | Reached XP level 4. HP: 38/38 MP: 11/11
  2214 | D:3      | Learned a level 3 spell: Teleport Other
  2254 | D:3      | Reached ** piety under Sif Muna
  2628 | D:3      | Learned a level 1 spell: Foxfire
  2686 | D:3      | Noticed a black bear
  3099 | D:3      | Reached skill level 1 in Conjurations
  3099 | D:3      | Reached skill level 1 in Hexes
  3099 | D:3      | Reached skill level 1 in Summonings
  3099 | D:3      | Reached skill level 1 in Necromancy
  3099 | D:3      | Reached skill level 1 in Transmutations
  3099 | D:3      | Reached skill level 1 in Fire Magic
  3099 | D:3      | Reached skill level 1 in Ice Magic
  3099 | D:3      | Reached skill level 1 in Air Magic
  3099 | D:3      | Reached skill level 1 in Earth Magic
  3099 | D:3      | Reached skill level 1 in Poison Magic
  3300 | D:3      | Noticed Robin
  3304 | D:3      | Reached XP level 5. HP: 43/43 MP: 5/12
  3484 | D:3      | Killed Robin
  3724 | D:3      | Found a bloodstained altar of Trog.
  4168 | D:4      | Noticed a necrophage
  4199 | D:3      | Killed a necrophage
  4200 | D:3      | Reached XP level 6. HP: 43/50 MP: 13/13
  4371 | D:4      | Reached skill level 5 in Fighting
  4371 | D:4      | Reached skill level 5 in Long Blades
  4371 | D:4      | Reached skill level 5 in Dodging
  4723 | D:4      | Reached XP level 7. HP: 45/56 MP: 13/15
  4809 | D:4      | Reached *** piety under Sif Muna
  5082 | D:4      | Found a runed translucent door.
  5083 | D:4      | Noticed Crazy Yiuf
  5093 | D:4      | Killed Crazy Yiuf
  5135 | D:4      | Found a shadowy altar of Dithmenos.
  5517 | D:5      | Entered Level 5 of the Dungeon
  5536 | D:5      | Identified the +6 scale mail of Rotten the Good {Str+2
                  | Dex+2}
  5579 | D:5      | Noticed Ijyb
  5603 | D:5      | Killed Ijyb
  6080 | D:5      | Reached XP level 8. HP: 59/63 MP: 16/16
  6121 | D:5      | Noticed Sigmund
  6132 | D:5      | Killed Sigmund
  6181 | D:5      | Reached skill level 6 in Spellcasting
  6994 | D:6      | Reached XP level 9. HP: 56/69 MP: 18/18
  7198 | D:6      | Found a basalt altar of Yredelemnul.
  7570 | D:6      | Killed an unseen horror
  7691 | D:6      | Reached skill level 5 in Throwing
  7691 | D:6      | Reached skill level 5 in Armour
  7855 | D:7      | Found a staircase to the Ecumenical Temple.
  7903 | D:7      | Reached **** piety under Sif Muna
  8119 | D:7      | Reached skill level 5 in Invocations
  8280 | D:7      | Found a transporter.
  8288 | D:7      | Noticed Skimidon's ghost (novice GnAr)
  8331 | D:7      | Found a transporter.
  8359 | D:7      | Reached skill level 7 in Spellcasting
  8465 | D:7      | Found a blossoming altar of Fedhas.
  8509 | D:7      | Noticed Maggie
  8526 | D:7      | Killed Maggie
  8527 | D:7      | Reached XP level 10. HP: 63/77 MP: 20/20
  8717 | D:7      | Reached skill level 5 in Short Blades
  8717 | D:7      | Reached skill level 5 in Axes
  8717 | D:7      | Reached skill level 5 in Maces & Flails
  8717 | D:7      | Reached skill level 5 in Polearms
  8717 | D:7      | Reached skill level 5 in Staves
  8717 | D:7      | Reached skill level 5 in Slings
  8717 | D:7      | Reached skill level 5 in Bows
  8717 | D:7      | Reached skill level 5 in Crossbows
  8717 | D:7      | Reached skill level 5 in Stealth
  8717 | D:7      | Reached skill level 5 in Shields
  8717 | D:7      | Reached skill level 5 in Unarmed Combat
  8717 | D:7      | Reached skill level 5 in Evocations
  8873 | D:8      | Noticed Pikel
  8903 | D:7      | Killed Pikel
  8950 | D:8      | Found a staircase to the Lair.
  8958 | D:8      | Noticed a death yak
  8961 | D:8      | Noticed a death yak
  8973 | D:8      | Noticed a death yak
  8998 | D:7      | Killed a death yak
  9150 | D:7      | Killed a death yak
  9480 | D:7      | Reached XP level 11. HP: 55/84 MP: 15/22
  9646 | D:7      | Killed a death yak
  9831 | D:7      | Killed Skimidon's ghost
  9831 | D:7      | Reached ***** piety under Sif Muna
  9832 | D:7      | Reached skill level 5 in Conjurations
  9832 | D:7      | Reached skill level 5 in Hexes
  9832 | D:7      | Reached skill level 5 in Summonings
  9832 | D:7      | Reached skill level 5 in Necromancy
  9832 | D:7      | Reached skill level 5 in Transmutations
  9832 | D:7      | Reached skill level 5 in Fire Magic
  9832 | D:7      | Reached skill level 5 in Ice Magic
  9832 | D:7      | Reached skill level 5 in Air Magic
  9832 | D:7      | Reached skill level 5 in Earth Magic
  9832 | D:7      | Reached skill level 5 in Poison Magic
  9925 | D:7      | Learned a level 3 spell: Conjure Flame
  9954 | D:7      | Learned a level 5 spell: Manifold Assault
  9993 | D:8      | Reached skill level 8 in Spellcasting
 10216 | D:8      | Received a gift from Sif Muna
 10233 | D:8      | Got Tahoes's Grimoire of Enchanting Calling {god gift}
 10241 | D:8      | Learned a level 3 spell: Tukima's Dance
 10245 | D:8      | Learned a level 3 spell: Inner Flame
 10938 | D:9      | Noticed Prince Ribbit
 10940 | D:9      | Killed Prince Ribbit
 11011 | D:9      | Upgraded the game from 0.27.0-1-g7a089689b8 to
                  | 0.27.1-3-gb3d3a73c9e
 11094 | D:9      | Learned a level 2 spell: Wereblood
 11096 | D:9      | Learned a level 1 spell: Foxfire
 11141 | D:9      | Noticed Gastronok
 11569 | D:10     | Entered Level 10 of the Dungeon
 11569 | D:10     | Noticed a two-headed ogre
 11628 | D:10     | Got the Compendium of Fiery Feathers
 11741 | D:10     | Found a portal to a secret trove of treasure.
 11863 | D:10     | Killed a two-headed ogre
 12135 | D:10     | Identified the +0 ring mail of a Gauntlet {Will++ Slay+3}
 12196 | D:10     | Found Vuschaucw's General Store.
 12702 | D:11     | Noticed a two-headed ogre
 12715 | D:11     | Killed a two-headed ogre
 13096 | D:11     | Reached XP level 12. HP: 93/93 MP: 22/24
 13360 | D:9      | Learned a level 3 spell: Spider Form
 13379 | D:9      | Killed Gastronok
 13557 | Lair:1   | Entered Level 1 of the Lair of Beasts
 13557 | Lair:1   | Noticed Joseph
 13570 | Lair:1   | Killed Joseph
 13581 | Lair:1   | Found a frozen archway.
 13921 | Lair:1   | Noticed an eight-headed hydra
 14027 | Lair:1   | Learned a level 3 spell: Confusing Touch
 14257 | Lair:1   | Killed a ten-headed hydra
 14545 | Lair:1   | Reached skill level 9 in Spellcasting
 15160 | Lair:1   | Noticed a five-headed hydra
 15229 | Lair:1   | Killed an 11-headed hydra
 16300 | Lair:2   | Reached XP level 13. HP: 101/101 MP: 26/26
 18487 | Lair:4   | Found a hole to the Spider Nest.
 19041 | Lair:4   | Found a staircase to the Shoals.
 20550 | Lair:5   | Reached skill level 10 in Spellcasting
 20600 | Lair:5   | Found a staircase to the Slime Pits.
 21374 | Lair:5   | Found the +8 lance "Wyrmbane" {slay drac, rPois rF+ rC+
                  | AC+3}
 22520 | Lair:4   | Reached XP level 14. HP: 92/109 MP: 28/28
 22895 | Lair:6   | Entered Level 6 of the Lair of Beasts
 22949 | Lair:6   | Reached skill level 10 in Fighting
 22949 | Lair:6   | Reached skill level 10 in Long Blades
 22949 | Lair:6   | Reached skill level 10 in Dodging
 23177 | Lair:6   | Noticed Urug
 23227 | Lair:6   | Killed Urug
 24224 | Lair:5   | Reached skill level 10 in Invocations
 24481 | Lair:6   | Identified the ring "Dintuetz" {Will+ EV+4 Str+4 Int+3}
 24601 | Lair:6   | Received a gift from Sif Muna
 24761 | Lair:6   | Got Sif Muna's Papyrus of the Frigorific Traveller {god
                  | gift}
 25683 | Lair:6   | Upgraded the game from 0.27.1-3-gb3d3a73c9e to
                  | 0.27.1-4-g1640c2035a
 25752 | Spider:1 | Entered Level 1 of the Spider Nest
 25966 | Lair:4   | Learned a level 4 spell: Sticky Flame
 26348 | D:10     | Bought the +12 hunting sling of Tocewom {flame, Will+
                  | Dex+3} for 1060 gold pieces
 26561 | Spider:1 | Noticed Donald
 27135 | Spider:1 | Reached skill level 10 in Throwing
 27135 | Spider:1 | Reached skill level 10 in Armour
 27320 | Lair:4   | Reached XP level 15. HP: 39/117 MP: 27/29
 27801 | Spider:1 | Received a gift from Sif Muna
 27815 | Spider:1 | Got Ywunih's Grimoire of Translocation and Weightlessness
                  | {god gift}
 28652 | Spider:2 | Reached skill level 11 in Spellcasting
 28757 | Spider:2 | Reached skill level 10 in Translocations
 29542 | Spider:2 | Identified 2 scrolls of acquirement
 29544 | Spider:2 | Acquired the ring of Gocefyphe {Drain EV+4 Int+9}
 29568 | Spider:2 | Learned a level 5 spell: Borgnjor's Vile Clutch
 29758 | Spider:3 | Noticed an emperor scorpion
 29798 | Spider:2 | Killed an emperor scorpion
 30083 | Spider:2 | Reached skill level 10 in Short Blades
 30083 | Spider:2 | Reached skill level 10 in Axes
 30083 | Spider:2 | Reached skill level 10 in Maces & Flails
 30083 | Spider:2 | Reached skill level 10 in Polearms
 30083 | Spider:2 | Reached skill level 10 in Staves
 30083 | Spider:2 | Reached skill level 10 in Slings
 30083 | Spider:2 | Reached skill level 10 in Bows
 30083 | Spider:2 | Reached skill level 10 in Crossbows
 30083 | Spider:2 | Reached skill level 10 in Stealth
 30083 | Spider:2 | Reached skill level 10 in Shields
 30083 | Spider:2 | Reached skill level 10 in Unarmed Combat
 30083 | Spider:2 | Reached skill level 10 in Evocations
 30148 | Spider:3 | Noticed Arachne
 30191 | Spider:3 | Slain by a spark wasp

Illustrated notes

Levels and vault maps discovered:
D:1:      amcnicky_arrival_flooded_fountain, layout_basic,
          chequers_ecumenical_altar_simple, amcnicky_mini_pool_small
D:2:      cheibrodos_old_hovel, layout_basic
D:3:      wad_woods_settlement, layout_basic,
          mainiacjoe_overflow_small_starburst, uniq_robin
D:4:      minmay_octagon_keep, layout_loops_cross,
          mainiacjoe_overflow_six_doors_small, grunt_ministairs_10,
          uniq_crazy_yiuf_cottage
D:5:      cheibrodos_quashed, layout_basic, minmay_quadrilaterals, uniq_ijyb,
          uniq_sigmund
D:6:      layout_loops_cross, mainiacjoe_overflow_alcove_4
D:7:      layout_cave_pools, mainiacjoe_overflow_brackets,
          minmay_temple_entry_large_hall, gammafunk_ghost_stat_death,
          hangedman_decor_slide_cut, uniq_maggie
D:8:      layout_basic, dpeg_lair_monsters, uniq_pikel
D:9:      layout_basic, uniq_prince_ribbit1, uniq_gastronok
D:10:     layout_rooms, serial_shops, kennysheep_little_box, enter_trove_0
D:11:     layout_gridville, serial_rivers, chequers_serial_rivers_small_b,
          chequers_serial_rivers_marsh, chequers_serial_rivers_micro_d,
          chequers_serial_rivers_micro_c, chequers_serial_rivers_micro_b
Lair:1:   layout_gridlike, portal_ice_cave_entry_pillars_1, st_stairs_9,
          amcnicky_mini_pool_medium, lemuel_fruit_tree, uniq_joseph
Lair:2:   layout_regular_city, grunt_forest_large_clearings, grunt_megastairs_1
Lair:3:   layout_regular_city, grunt_megastairs_4
Lair:4:   layout_gridlike, elwin_shoals_entry_stream,
          nicolae_spider_entry_tight_spaces
Lair:5:   layout_regular_city, minmay_slime_entry_oklob_enclosed
Lair:6:   grunt_lair_end_beastmaster, layout_cave_pods, grunt_megastairs_3,
          uniq_urug
Spider:1: layout_spider_delve, nicolae_spider_wall_of_niches, uniq_donald
Spider:2: layout_spider_delve
Spider:3: layout_spider_delve, uniq_arachne, uniq_kirke

Skill      XL: |  1  2  3  4  5  6  7  8  9 10 11 12 13 14 15 |
---------------+----------------------------------------------+-----
Spellcasting   | 5 6 7 8 9 10 11 | 11.1
Invocations    | 1 2 3 4 5 6 7 8 9 10 | 10.8
Short Blades   | 1 2 3 4 5 6 7 8 9 10 | 10.0
Axes           | 1 2 3 4 5 6 7 8 9 10 | 10.0
Maces & Flails | 1 2 3 4 5 6 7 8 9 10 | 10.0
Polearms       | 1 2 3 4 5 6 7 8 9 10 | 10.0
Staves         | 1 2 3 4 5 6 7 8 9 10 | 10.0
Slings         | 1 2 3 4 5 6 7 8 9 10 | 10.0
Bows           | 1 2 3 4 5 6 7 8 9 10 | 10.0
Crossbows      | 1 2 3 4 5 6 7 8 9 10 | 10.0
Stealth        | 1 2 3 4 5 6 7 8 9 10 | 10.0
Shields        | 1 2 3 4 5 6 7 8 9 10 | 10.0
Unarmed Combat | 1 2 3 4 5 6 7 8 9 10 | 10.0
Evocations     | 1 2 3 4 5 6 7 8 9 10 | 10.0
Conjurations   | 1 2 3 4 5 6 7 8 |  8.4
Hexes          | 1 2 3 4 5 6 7 8 |  8.4
Summonings     | 1 2 3 4 5 6 7 8 |  8.4
Necromancy     | 1 2 3 4 5 6 7 8 |  8.4
Transmutations | 1 2 3 4 5 6 7 8 |  8.4
Fire Magic     | 1 2 3 4 5 6 7 8 |  8.4
Ice Magic      | 1 2 3 4 5 6 7 8 |  8.4
Air Magic      | 1 2 3 4 5 6 7 8 |  8.4
Earth Magic    | 1 2 3 4 5 6 7 8 |  8.4
Poison Magic   | 1 2 3 4 5 6 7 8 |  8.4
Throwing       | 3 4 5 6 7 8 9 10 | 10.3
Armour         | 3 4 5 6 7 8 9 10 | 10.3
Fighting       | 5 6 7 8 9 10 | 10.9
Long Blades    | 5 6 7 8 9 10 | 10.9
Dodging        | 5 6 7 8 9 10 | 10.9
Translocations | 6 7 8 9 10 | 10.0

Action                   |  1- 3 |  4- 6 |  7- 9 | 10-12 | 13-15 || total
-------------------------+-------+-------+-------+-------+-------++-------
Melee: Falchion          |   119 |    73 |       |       |       ||   192
       Bite              |    12 |    11 |    37 |    97 |   252 ||   409
       Punch             |       |     2 |     6 |    39 |    95 ||   142
       Flail             |       |    44 |    12 |    40 |    15 ||   111
       Demon blade       |       |       |   285 |   515 |   547 ||  1347
       Unarmed           |       |       |       |    10 |       ||    10
       Lance             |       |       |       |       |   636 ||   636
 Fire: Hunting sling     |       |     3 |       |       |    66 ||    69
Throw: Boomerang         |     2 |     1 |       |     1 |     2 ||     6
       Dart              |       |     4 |       |       |       ||     4
       Javelin           |       |       |       |    48 |    81 ||   129
       Throwing net      |       |       |       |       |     1 ||     1
 Cast: Blink             |     3 |     8 |    26 |    12 |    26 ||    75
       Gell's Gravitas   |     2 |    11 |     3 |    13 |    29 ||    58
       Foxfire           |       |    22 |    49 |    41 |    18 ||   130
       Teleport Other    |       |     6 |       |     5 |     7 ||    18
       Tukima's Dance    |       |       |       |    12 |     6 ||    18
       Wereblood         |       |       |       |    12 |    12 ||    24
       Conjure Flame     |       |       |       |    10 |     3 ||    13
       Manifold Assault  |       |       |       |     9 |     5 ||    14
       Confusing Touch   |       |       |       |     7 |    47 ||    54
       Spider Form       |       |       |       |     1 |       ||     1
       Sticky Flame      |       |       |       |       |     8 ||     8
       Borgnjor's Vile C |       |       |       |       |     2 ||     2
       Inner Flame       |       |       |       |       |     1 ||     1
Invok: Forget Spell      |       |       |       |     2 |       ||     2
Evoke: Wand              |       |       |       |     1 |    16 ||    17
  Use: Scroll            |       |     2 |     7 |     4 |    22 ||    35
       Potion            |       |       |       |       |     6 ||     6
 Stab: Sleeping          |     1 |     3 |     5 |     4 |     5 ||    18
       Distracted        |       |       |       |     1 |     2 ||     3
       Confused          |       |       |       |    12 |    54 ||    66
       Paralysed         |       |       |       |     7 |       ||     7
       Held in net/web   |       |       |       |       |     1 ||     1
       Petrified         |       |       |       |       |     1 ||     1
Armor: Leather armour    |    25 |    35 |       |       |       ||    60
       Animal skin       |       |     5 |    12 |       |       ||    17
       Scale mail        |       |       |   144 |   338 |   750 ||  1232
       Steam dragon scal |       |       |       |    10 |       ||    10
Dodge: Dodged            |    74 |   103 |   137 |   475 |  1288 ||  2077
       Rpst.: Falchion   |    14 |    16 |       |       |       ||    30
       Demon blade       |       |       |    33 |    98 |   113 ||   244
